 Dungeon Crawl Stone Soup version 0.29.1-1-gd02db6906a (webtiles) character file.

Game seed: 12366463472513056211

22 lonewolfV2 the Conjurer (level 2, -1/20 HPs)
             Began as a Gnoll Conjurer on Oct 15, 2022.
             Succumbed to an adder's poison
             ... on level 1 of the Dungeon.
             The game lasted 00:02:46 (1038 turns).

lonewolfV2 the Conjurer (Gnoll Conjurer)            Turns: 1038, Time: 00:02:47

Health: -1/20      AC:  3    Str:  6    XL:     2   Next: 91%
Magic:  3/7        EV: 13    Int: 17    God:
Gold:   25         SH:  0    Dex: 10    Spells: 9/10 levels left

rFire   . . .      SeeInvis .   c - +0 short sword (venom)
rCold   . . .      Faith    .   (no shield)
rNeg    . . .      Spirit   .   a - +1 robe
rPois   .          Reflect  .   (no helmet)
rElec   .          Harm     .   (no cloak)
rCorr   .          Rampage  .   (no gloves)
Will    .....                   (no boots)
Stlth   ++........              (no amulet)
HPRegen 0.06/turn               (no ring)
MPRegen 0.10/turn               (no ring)

@: lethally poisoned (-1 -> -3)
A: fangs 1, strong nose, distributed training
a: no special abilities


You were on level 1 of the Dungeon.
You visited 1 branch of the dungeon, and saw 2 of its levels.

You collected 45 gold pieces.
You spent 20 gold pieces at shops.

Inventory:

Hand Weapons
 c - a +0 short sword of venom (weapon)
Armour
 a - a +1 robe (worn)
Jewellery
 d - a ring of protection from cold
Scrolls
 g - a scroll of enchant weapon {unknown}
Potions
 b - a potion of magic
 e - 2 potions of berserk rage
 f - a potion of attraction {unknown}


   Skills:
 + Level 0.5 Fighting
 + Level 0.5 Short Blades
 + Level 0.5 Long Blades
 + Level 0.5 Axes
 + Level 0.5 Maces & Flails
 + Level 0.5 Polearms
 + Level 0.5 Staves
 + Level 0.5 Ranged Weapons
 + Level 0.5 Throwing
 + Level 0.5 Armour
 + Level 4.5 Dodging
 + Level 4.1 Stealth
 + Level 0.5 Shields
 + Level 0.5 Unarmed Combat
 + Level 4.9 Spellcasting
 + Level 7.0 Conjurations
 + Level 0.4 Hexes
 + Level 0.4 Summonings
 + Level 0.4 Necromancy
 + Level 0.4 Translocations
 + Level 0.4 Transmutations
 + Level 0.4 Fire Magic
 + Level 0.4 Ice Magic
 + Level 0.4 Air Magic
 + Level 0.4 Earth Magic
 + Level 0.4 Poison Magic
 + Level 0.7 Invocations
 + Level 0.5 Evocations


You had 9 spell levels left.
You knew the following spells:

 Your Spells              Type           Power      Damage    Failure   Level
a - Magic Dart            Conj           100%       1d8       1%          1

Your spell library contained the following spells:

 Spells                   Type           Power      Damage    Failure   Level
 Searing Ray              Conj           56%        2d6       1%          2
 Conjure Flame            Conj/Fire      16%        6-21      10%         3
 Dazzling Flash           Conj/Hex       32%        N/A       10%         3
 Mephitic Cloud           Conj/Pois/Air  13%        N/A       14%         3
 Fulminant Prism          Conj/Hex       8%         3d7       30%         4
 Iskenderun's Mystic Bla  Conj/Tloc      16%        2d5       30%         4
 Sticky Flame             Conj/Fire      16%        2d4       30%         4
 Ignite Poison            Fire/Tmut/Pois 5%         N/A       36%         3
 Freezing Cloud           Conj/Ice/Air   6%         6-21      80%         5


Dungeon Overview and Level Annotations

Branches:
Dungeon (2/15)

Altars:

Shops:
D:1 *


Innate Abilities, Weirdness & Mutations

You have very sharp teeth.
Your uncanny sense of smell can sniff out nearby items.
Your experience applies equally to all skills.


Message History

You kill the worm!
An adder comes into view.
The adder misses you.
You see here a +2 dagger of freezing.
Casting: Magic Dart (safe; 1% risk of failure)
Confirm with . or Enter, or press ? or * to list all spells.
Aiming: Magic Dart (safe; 1% risk of failure)
Press: ? - help, Shift-Dir - straight line, f - adder
Aim: an adder (100% to hit)
The magic dart hits the adder.
The adder is moderately wounded.
The adder closely misses you.
Casting: Magic Dart (safe; 1% risk of failure)
Confirm with . or Enter, or press ? or * to list all spells.
Aiming: Magic Dart (safe; 1% risk of failure)
Press: ? - help, Shift-Dir - straight line, f/p - adder
Aim: an adder (moderately wounded, 100% to hit)
The magic dart hits the adder.
The adder is severely wounded.
The adder misses you. The adder closely misses you.
You hit the adder.
The adder is almost dead.
The adder misses you.
You closely miss the adder.
The adder is almost dead.
The adder misses you. The adder bites you.
* * * LOW HITPOINT WARNING * * *
You are lethally poisoned!
The adder poisons you!
You miss the adder.
The adder is almost dead.
* * * LOW HITPOINT WARNING * * *
You feel sick. The adder closely misses you.
* * * LOW HITPOINT WARNING * * *
You feel sick.
There is a stone staircase leading up, spattered with blood here.
* * * LOW HITPOINT WARNING * * *
You feel sick. The adder completely misses you. The adder barely misses you.
You climb upwards.
You die...

###.###.# #....#.## ####..## #
#..# ######## # #..#
#######......# # #..#######
#.......####.# ####........#
#.#####.####.#
#.....##.##.#######.##.......#.#
####..#........S@......##.##.#.#
#.....##.##.#######.#####.##.#.#
#####.##.....>.# #.#####......##
# #.......##.# #.............# #
####..####.# #######.##.##.# #
#.....#.# #.##.##.# #
#######..#.#.####### #....##.#
###..........#.#.....# #.#####.#
#...##.#.......#.....# #.#####.#


You could see an adder.

Vanquished Creatures
  A worm (D:2)
  3 ball pythons (D:1)
  An endoplasm (D:2)
  A giant cockroach (D:1)
  2 goblins
  2 hobgoblins (D:1)
  3 kobolds (D:1)
  6 rats
19 creatures vanquished.

Notes
Turn   | Place    | Note
-------+----------+-------------------------------------------
     0 | D:1      | lonewolfV2 the Gnoll Conjurer began the quest for the Orb.
     0 | D:1      | Reached XP level 1. HP: 13/13 MP: 6/6
   283 | D:1      | Reached XP level 2. HP: 19/19 MP: 5/7
   580 | D:1      | Found Eqiceel's General Store.
   587 | D:1      | Bought a scroll of identify for 20 gold pieces
  1037 | D:2      | HP: 1/20 [poisoned by an adder]
  1038 | D:1      | Succumbed to an adder's poison

Illustrated notes

Levels and vault maps discovered:
D:1:      psy_arrival_fountain, layout_loops_cross, serial_shops,
          nicolae_diamond_shop, minmay_misc_feat_tiny, columned_hall_lemuel,
          chequers_arboretum
D:2:      layout_basic

Action                   || total
-------------------------++-------
Melee: Short sword       ||    19
 Cast: Magic Dart        ||    28
  Use: Scroll            ||     2
Dodge: Dodged            ||    22
